 Dungeon Crawl Stone Soup version 0.32-a0-798-gfa783ce77f (webtiles) character file.

Game seed: 7201736807964121265

921 Arvy the Gusty (level 7, -8/33 HPs)
             Began as a Felid Air Elementalist on Mar 21, 2024.
             Was a Follower of Sif Muna.
             Mangled by a wraith (9 damage)
             ... on level 6 of the Dungeon.
             The game lasted 00:47:15 (7042 turns).

Arvy the Gusty (Felid Air Elementalist)             Turns: 7042, Time: 00:47:17

Health: -8/33      AC:  4    Str:  3    XL:     7   Next: 84%
Magic:  5/15       EV: 17    Int: 24    God:    Sif Muna [*.....]
Gold:   472        SH:  0    Dex: 16    Spells: 3/15 levels left
                                        Lives:  0   Deaths: 3

rFire   . .          .
                       - Unarmed
rCold   . . .        (shield unavailable)
rNeg    . . .        (body armour unavailable)
rPois   .            (helmet unavailable)
rElec   .            (cloak unavailable)
rCorr   .            (gloves unavailable)
SInv    +            (boots unavailable)
Will    +....        (no amulet)
Stlth   +++          (no ring)
HPRegen 0.25/turn    (no ring)
MPRegen 0.14/turn

%: no passive effects
@: attractive, very slightly contaminated, hasted, very quick
A: very small, claws 1, fangs 3, see invisible, shaggy fur 2, stealthy paws, no
weapons or thrown items, no armour, multi-lived, iridescent scales 1, clever 1
a: Renounce Religion, Channel Magic


You were on level 6 of the Dungeon.
You worshipped Sif Muna.
Sif Muna was aware of your devotion.
You visited 2 branches of the dungeon, and saw 8 of its levels.

You collected 472 gold pieces.

Inventory:

Wands
 n - a wand of digging (6)
Scrolls
 a - a scroll of fear {unknown}
 b - a scroll of teleportation
 e - a scroll of fog
 f - 2 scrolls of noise
 g - a scroll of brand weapon {unknown}
 h - 2 scrolls of poison
 i - a scroll of immolation {unknown}
 j - a scroll of blinking
Potions
 d - a potion of brilliance
 l - a potion of enlightenment
 o - a potion of curing {unknown}


   Skills:
 - Level 1.0 Fighting
 + Level 3.9 Dodging
 + Level 4.2 Stealth
 - Level 1.0 Unarmed Combat
 + Level 4.8 Spellcasting
 + Level 3.6 Conjurations
 + Level 4.9 Air Magic
 * Level 1.9 Invocations


You had 3 spell levels left.
You knew the following spells:

 Your Spells              Type           Power      Damage    Failure   Level
a - Shock                 Conj/Air       100%       1d9       1%          1
b - Static Discharge      Conj/Air       52%        3-6/arc   2%          2
c - Swiftness             Air            29%        N/A       3%          3
d - Airstrike             Air            14%        2d(3-19)  12%         4
e - Searing Ray           Conj           46%        2d6       3%          2

Your spell library contained the following spells:

 Spells                   Type           Power      Damage    Failure   Level
 Magic Dart               Conj           92%        1d7       1%          1
 Slow                     Hex            20%        N/A       9%          1
 Blink                    Tloc           10%        N/A       14%         2
 Call Imp                 Summ           10%        N/A       14%         2
 Confusing Touch          Hex            5%         N/A       26%         3
 Gell's Gravitas          Tloc           5%         N/A       26%         3
 Teleport Other           Tloc           5%         N/A       26%         3
 Vampiric Draining        Necr           5%         2d6       26%         3
 Fulminant Prism          Conj/Alch      7%         3d6       38%         4
 Dispersal                Tloc           2%         N/A       100%        6


Dungeon Overview and Level Annotations

Branches:
Dungeon (7/15) Zot: 26291  Temple (1/1) D:4 Zot: 5918

Altars:
Cheibriados
Dithmenos
Gozag
Hepliaklqana
Makhleb
Nemelex Xobeh
Okawaru
Qazlal
Ru
Sif Muna
Trog
Uskayaw
Vehumet
Xom
Yredelemnul
Zin
The Shining One

Annotations:
D:2 Terence
D:5 exclusion: hound


Innate Abilities, Weirdness & Mutations

You have sharp claws.
You have razor-sharp teeth.
You have supernaturally acute eyesight. (SInv)
You are covered in thick fur. (AC +2)
Your paws help you pounce on unaware monsters.
You are incapable of wielding weapons or throwing items.
You cannot wear armour.
You gain extra lives every three experience levels.
You are partially covered in iridescent scales. (AC +2)
Your mind is acute. (Int +4, Str/Dex -1)


Message History

Press: ? - help, Dir - move target, p - wraith
As you read the scroll of blinking, it crumbles to dust.
The wraith is attracted toward you. The wraith is attracted toward you.
The wraith attacks as it pursues you! The wraith closely misses you.
The wraith attacks as it pursues you! The wraith barely misses you.
The wraith attacks as it pursues you! The wraith barely misses you.
There is a stone staircase leading up here.
The wraith barely misses you.
You climb upwards.
There is a stone staircase leading down here.
Casting: Static Discharge (safe; 2% risk of failure)
Confirm with . or Enter, or press ? or * to list all spells.
You miscast Static Discharge.
You are very lightly contaminated with residual magic.
Nothing appears to happen.
You feel yourself speed up. The wraith completely misses you.
Casting: Static Discharge (safe; 2% risk of failure)
Confirm with . or Enter, or press ? or * to list all spells.
The wraith is struck by an arc of lightning.
The wraith is heavily damaged.
You are struck by an arc of lightning.
* * * LOW HITPOINT WARNING * * *
The wraith is struck by an arc of lightning.
The wraith is severely damaged.
You are struck by an arc of lightning.
* * * LOW HITPOINT WARNING * * *
The lightning grounds out.
Okay, then.
Casting: Static Discharge (safe; 2% risk of failure)
Confirm with . or Enter, or press ? or * to list all spells.
Aiming: Searing Ray (safe; 3% risk of failure)
Press: ? - help, Shift-Dir - straight line, f - wraith
Aim: a wraith (severely damaged, 78% to hit)
The searing ray hits the wraith but does no damage.
The wraith is severely damaged. (Press . to maintain the ray.)
The wraith hits you!
You die...

####.#####......##.#.##.# ##.#
#########.#.##.# #..# #.#..#.##
#.## ####### #.......# #####.##
#.....# #....<..# #......#
#.....# ##.##..#.# #.###..#
#.....# #..#..#..# #.##.#.#
#.....# ##.#.#.#.# #.##...#
#....@#####....##.# #......#
##..<.W..##.......# ####.###
##..####.####.#####
#.#####......#.# #.#
#.....#........####.########
###.......#..#.##......#....
#.#.#......#.##.#.##.#.### #####
#.#.....#........#.#.#.###
....####.###......#.##.###.......


You could see a wraith.

Vanquished Creatures
  A centaur (D:6)
  A kobold brigand (D:6)
  2 bullfrogs (D:7)
  A bombardier beetle (D:4)
  2 jellies (D:6)
  2 orc priests
  An iguana (D:4)
  A sleepcap (D:6)
  Natasha (thrice) (D:2)
  6 orc wizards
  Robin (D:3)
  6 adders
  2 white imps (D:6)
  2 ufetubi (D:7)
  A dart slug (D:5)
  5 ribbon worms
  18 orcs
  9 ball pythons
  5 endoplasms
  2 giant cockroaches
  13 goblins
  8 hobgoblins
  3 jackals
  3 quokkas
  7 bats
  4 frilled lizards
  9 kobolds
  17 rats
135 creatures vanquished.

Notes
Turn   | Place    | Note
-------+----------+-------------------------------------------
     0 | D:1      | Arvy the Felid Air Elementalist began the quest for the
                  | Orb.
     0 | D:1      | Reached XP level 1. HP: 9/9 MP: 4/4
   164 | D:1      | Found a faded altar of an unknown god.
   224 | D:1      | Reached XP level 2. HP: 13/13 MP: 3/6
   264 | D:1      | Learned a level 2 spell: Static Discharge
   457 | D:1      | Reached skill level 1 in Conjurations
   982 | D:2      | Reached XP level 3. HP: 16/16 MP: 3/7
  1359 | D:2      | Killed from afar by themself
  1359 | D:2      | Lost a life (0 lives remaining)
  1433 | D:2      | Noticed Terence
  1482 | D:2      | Reached XP level 4. HP: 20/21 MP: 2/9
  1482 | D:2      | Gained a life (1 life remaining)
  1572 | D:3      | Learned a level 3 spell: Swiftness
  1861 | D:3      | Reached skill level 1 in Unarmed Combat
  1995 | D:3      | Noticed Robin
  2090 | D:2      | Noticed Natasha
  2093 | D:2      | Killed Natasha
  2094 | D:2      | Reached skill level 1 in Fighting
  2094 | D:2      | Reached XP level 5. HP: 25/25 MP: 4/10
  2206 | D:2      | Found a sacrificial altar of Ru.
  2301 | D:2      | Noticed Natasha
  2312 | D:2      | Killed Natasha
  2535 | D:2      | Identified the +0 robe of Fanaticism {rElec rF++ Archmagi}
  2603 | D:2      | Noticed Natasha
  2608 | D:2      | Killed Natasha
  2722 | D:3      | Killed Robin
  2875 | D:3      | Found a shimmering altar of Xom.
  3010 | D:3      | Found the +7 staff of the Meek {protect, meekguard}
  4019 | D:4      | Gained mutation: You are covered in thick fur. (AC +2)
                  | [Felid growth]
  4019 | D:4      | Reached XP level 6. HP: 30/30 MP: 5/12
  4027 | D:4      | Learned a level 4 spell: Airstrike
  4195 | D:4      | Found a staircase to the Ecumenical Temple.
  4201 | D:4      | Noticed an ice beast
  4227 | D:4      | Slain by an ice beast
  4227 | D:4      | Lost a life (0 lives remaining)
  4252 | D:5      | Entered Level 5 of the Dungeon
  4379 | D:4      | Learned a level 2 spell: Searing Ray
  4502 | Temple   | Entered the Ecumenical Temple
  4543 | Temple   | Became a worshipper of Sif Muna the Loreminder
  5596 | D:6      | Reached XP level 7. HP: 33/33 MP: 4/14
  5596 | D:6      | Gained a life (1 life remaining)
  5898 | D:5      | Reached * piety under Sif Muna
  6248 | D:7      | Reached skill level 1 in Invocations
  6315 | D:7      | Noticed a wraith
  6335 | D:6      | Slain by an orc warrior
  6335 | D:6      | Lost a life (0 lives remaining)
  6623 | D:6      | Found a radiant altar of Vehumet.
  7017 | D:7      | Gained mutation: You are weak. (Str -2) [potion of
                  | mutation]
  7017 | D:7      | Gained mutation: Your mind is acute. (Int +4, Str/Dex -1)
                  | [potion of mutation]
  7017 | D:7      | Gained mutation: You are partially covered in iridescent
                  | scales. (AC +2) [potion of mutation]
  7017 | D:7      | Lost mutation: You are weak. (Str -2) [potion of mutation]
  7041 | D:6      | HP: 1/33 [/static electricity (2)]
  7042 | D:6      | Mangled by a wraith

Illustrated notes

Levels and vault maps discovered:
D:1:      wander_arrival_peaceful_grave, layout_basic, basic_ecumenical_altar
D:2:      layout_basic, basic_altar, grunt_ministairs_7, uniq_terence,
          uniq_natasha
D:3:      layout_basic, xom_butterflies, portal_sewer_entry_e,
          hangedman_glass_teeth, kennysheep_generic_room_5, uniq_robin
D:4:      layout_cave_pods, minmay_temple_entry_arrows
D:5:      layout_gridville, dreamdust_mushroom_princess,
          kennysheep_generic_room_11
D:6:      layout_loops_cross, vehumet_crystals
D:7:      layout_basic, marbit_many_paths, minmay_misc_feat_pillars, uniq_pikel,
          uniq_crazy_yiuf_cottage
Temple:   nicolae_temple_superstar

Skill      XL: |  1  2  3  4  5  6  7 |
---------------+----------------------+-----
Air Magic      | 3 4 |  4.9
Conjurations   | 1 2 3 |  3.6
Dodging        | 3 |  3.9
Stealth        | 3 4 |  4.2
Unarmed Combat | 1 |  1.0
Spellcasting   | 3 4 |  4.8
Fighting       | 1 |  1.0
Invocations    | 1 |  1.9

Action                     |  1- 3 |  4- 6 |  7- 9 || total
---------------------------+-------+-------+-------++-------
  Melee: Unarmed           |    34 |    34 |     8 ||    76
         Bite              |     3 |     2 |     3 ||     8
   Cast: Shock             |    65 |   154 |    53 ||   272
         Static Discharge  |     8 |    22 |    10 ||    40
         Searing Ray       |       |     3 |     9 ||    12
         Swiftness         |       |       |     1 ||     1
    Use: Potion            |     2 |     4 |     3 ||     9
         Scroll            |       |     8 |     1 ||     9
   Stab: Sleeping          |     1 |     3 |       ||     4
 Armour: Skin              |    20 |    50 |    29 ||    99
  Dodge: Dodged            |    34 |    45 |    33 ||   112

Table legend: (Time is in decaauts)
 A = Elapsed time spent in this place.
 B = Non-inter-level travel time spent in this place.
 C = Inter-level travel time spent in this place.
 D = Time resting spent in this place.
 E = Time spent auto-exploring this place.
 F = Levels seen in this place.
 G = Mean time per level.
                   A        B        C        D        E       F      G
               +--------+--------+--------+--------+--------+-----+--------+
         Total |   7057 |   6870 |    187 |   1303 |   4304 |   8 |  882.1 |
       Dungeon |   6976 |   6828 |    148 |   1303 |   4304 |   7 |  996.6 |
        Temple |     81 |     42 |     39 |      0 |      0 |   1 |   81.0 |
               +--------+--------+--------+--------+--------+-----+--------+

Top non-repeatable levels by time:
     D:2: 1492 daAuts
     D:3: 1434 daAuts
     D:6: 1251 daAuts
     D:5: 973 daAuts
     D:1: 772 daAuts
     D:4: 758 daAuts
     D:7: 293 daAuts
  Temple: 81 daAuts
